 Dungeon Crawl Stone Soup version 0.30-a0-1085-g990a428a5c (webtiles) character file.

Game seed: 829986271003939532

1903 NateTC the Cudgeller (level 9, -6/55 HPs)
             Began as a Gargoyle Fighter on Apr 16, 2023.
             Was a Follower of Elyvilon.
             Killed by divine providence
             ... invoked by an orc priest
              (11 damage)
             ... on level 6 of the Dungeon.
             The game lasted 00:08:03 (5063 turns).

NateTC the Cudgeller (Gargoyle Fighter)             Turns: 5063, Time: 00:08:04

Health: -6/55      AC: 20    Str: 21    XL:     9   Next: 15%
Magic:  9/9        EV: 14    Int: 10    God:    Elyvilon [*.....]
Gold:   96         SH:  5    Dex: 11    Spells: 8/8 levels left

rFire   + . .      SeeInvis .    a - +0 flail
rCold   + . .      Faith    .    c - +0 buckler
rNeg    + . .      Spirit   .    e - +0 chain mail
rPois   ∞          Reflect  .    (no helmet)
rElec   +          Rampage  .    j - scarf {rC+ rF+}
rCorr   .                        (no gloves)
Will    .....                    (no boots) Stlth
                                 (no amulet)
HPRegen 0.29/turn                o - +4 ring of protection
MPRegen 0.11/turn                n - +5 ring of evasion

@: no status effects
A: sickness immunity, AC +6, negative energy resistance 1, electricity
resistance, torment resistance 1, petrification resistance
a: Renounce Religion, Purification


You were on level 6 of the Dungeon.
You worshipped Elyvilon.
Elyvilon was aware of your devotion.
You visited 1 branch of the dungeon, and saw 6 of its levels.

You collected 186 gold pieces.
You spent 90 gold pieces at shops.

Inventory:

Hand Weapons
 a - a +0 flail (weapon)
Armour
 c - a +0 buckler (worn)
 e - a +0 chain mail (worn)
 j - a scarf of resistance (worn)
Jewellery
 n - a +5 ring of evasion (right hand)
 o - a +4 ring of protection (left hand)
 r - a +5 ring of evasion
 w - a +4 ring of slaying
Wands
 p - a wand of mindburst (12)
 s - a wand of paralysis (4)
 v - a wand of digging (6)
 x - a wand of acid (6)
Scrolls
 b - 2 scrolls of teleportation
 i - 2 scrolls of blinking
Potions
 d - a potion of might
 f - 2 potions of haste
 h - 4 potions of mutation
 k - a potion of magic {unknown}
 l - a potion of brilliance {unknown}
 m - 2 potions of curing {unknown}
 q - 2 potions of berserk rage
 u - 2 potions of attraction {unknown}


   Skills:
 - Level 6.0 Fighting
 - Level 7.5 Maces & Flails
 + Level 6.2 Armour
 - Level 3.0 Dodging
 + Level 6.2 Shields


You had 8 spell levels left.
You didn't know any spells.
Your spell library contained the following spells:

 Spells                   Type           Power      Damage    Failure   Level
 Blink                    Tloc           0%         N/A       99%         2
 Lesser Beckoning         Tloc           0%         N/A       99%         2
 Momentum Strike          Conj/Tloc      0%         3d8       99%         2


Dungeon Overview and Level Annotations

Branches:
Dungeon (6/15) Zot: 26819
 Temple: D:4-7

Altars:
Cheibriados
Elyvilon
Gozag

Shops:
D:4 ?

Annotations:
D:6 Menkaure


Innate Abilities, Weirdness & Mutations

You are immune to sickness and miasma.
Your stone body is resilient. (AC +6)
You are immune to poison.
You resist negative energy. (rN+)
You are resistant to electric shocks. (rElec)
You are resistant to unholy torment.
You are immune to petrification.


Message History

You are too injured to fight recklessly!
You are too injured to fight recklessly!
You are too injured to fight recklessly!
You are too injured to fight recklessly!
You are too injured to fight recklessly!
You are too injured to fight recklessly!
You are too injured to fight recklessly!
You are too injured to fight recklessly!
You are too injured to fight recklessly!
You are too injured to fight recklessly!
You are too injured to fight recklessly!
You are too injured to fight recklessly!
You are too injured to fight recklessly!
You are too injured to fight recklessly!
You are too injured to fight recklessly!
You are too injured to fight recklessly!
You are too injured to fight recklessly!
You are too injured to fight recklessly!
The orc priest attacks as you move away!
You block the orc priest's attack.
The orc priest attacks as you move away!
The orc priest hits you but does no damage.
The orc priest calls down the wrath of Beogh upon you.
Beogh smites you!
* * * LOW HITPOINT WARNING * * *
Found 19 gold pieces.
The orc priest attacks as you move away!
The orc priest misses you.
The orc priest calls upon Beogh to heal the orc priest.
The orc priest is healed somewhat.
The orc priest begins to cast a cantrip, but forgets the words!
The orc priest calls down the wrath of Beogh upon you.
Beogh smites you!
* * * LOW HITPOINT WARNING * * *
The orc priest calls upon Beogh to heal the orc priest.
The orc priest's wounds heal themselves!
Found a stone.
The orc priest mumbles some strange prayers to Beogh against you.
Beogh smites you!
You die...

.### ..........## ##.## #
#######....####...##### #
###..#.o..#...... #.<#o##...#
#..#.###.## #.#.# ## #[.#.#
#.## #... .# #..#.# #.o#####...
.# ##..#.# ##.o.$.... .#
#...@.# #..####.. .#
#########.....# #..# #.# .#
#.............# #..# #o# .#
#.#######.....# #..# #.# .# #.#
#.....####.M####.# .# #.#
###.#..........o.# .# #.#
#.######..######
.####.#########.........####..
..............................)


You could see 2 orc priests.

Vanquished Creatures
  Pikel (D:4)
  Grinder (D:5)
  Sigmund (D:5)
  An orc warrior (D:4)
  An ogre (D:3)
  2 scorpions
  A howler monkey (D:3)
  A jelly (D:4)
  3 orc priests
  3 hounds (D:5)
  An iron imp (D:5)
  4 iguanas (D:5)
  2 sleepcaps
  4 orc wizards
  4 gnolls (D:3)
  10 adders
  2 worms
  3 dart slugs (D:1)
  22 orcs
  4 ball pythons
  10 endoplasms
  A giant cockroach (D:3)
  2 goblins
  9 hobgoblins
  A jackal (D:1)
  3 quokkas
  4 bats
  3 frilled lizards
  7 kobolds
  2 rats
113 creatures vanquished.

Notes
Turn   | Place    | Note
-------+----------+-------------------------------------------
     0 | D:1      | NateTC the Gargoyle Fighter began the quest for the Orb.
     0 | D:1      | Reached XP level 1. HP: 14/14 MP: 1/1
    98 | D:1      | Reached skill level 1 in Dodging
   160 | D:1      | Reached XP level 2. HP: 19/19 MP: 2/2
   546 | D:1      | Reached XP level 3. HP: 23/23 MP: 3/3
   972 | D:2      | Found a faded altar of an unknown god.
  1245 | D:2      | Reached XP level 4. HP: 27/28 MP: 4/4
  1529 | D:2      | Reached XP level 5. HP: 9/33 MP: 5/5
  1955 | D:3      | Reached skill level 5 in Fighting
  2072 | D:3      | Reached XP level 6. HP: 32/41 MP: 6/6
  2514 | D:3      | Reached skill level 3 in Maces & Flails
  2528 | D:3      | Reached skill level 4 in Maces & Flails
  2547 | D:3      | Reached XP level 7. HP: 11/46 MP: 7/7
  2685 | D:4      | Found Runeossa's Magic Scroll Shop.
  2696 | D:4      | Bought a scroll of blinking for 90 gold pieces
  2796 | D:4      | Noticed Pikel
  2819 | D:4      | Killed Pikel
  2820 | D:4      | Reached skill level 7 in Maces & Flails
  2820 | D:4      | Reached XP level 8. HP: 47/51 MP: 8/8
  3289 | D:5      | Entered Level 5 of the Dungeon
  3323 | D:5      | Found an opulent altar of Gozag.
  3351 | D:5      | Noticed Sigmund
  3626 | D:5      | Killed Sigmund
  3767 | D:5      | Found a white marble altar of Elyvilon.
  3795 | D:5      | Became a worshipper of Elyvilon the Healer
  3831 | D:5      | Reached skill level 5 in Armour
  3831 | D:5      | Reached skill level 5 in Shields
  4007 | D:5      | Found a snail-covered altar of Cheibriados.
  4007 | D:5      | Noticed Grinder
  4016 | D:5      | Paralysed by Grinder for 4 turns
  4033 | D:5      | Paralysed by Grinder for 3 turns
  4064 | D:5      | Paralysed by Grinder for 2 turns
  4073 | D:5      | Killed Grinder
  4074 | D:5      | Reached XP level 9. HP: 27/55 MP: 9/9
  4924 | D:6      | Reached * piety under Elyvilon
  5034 | D:6      | Noticed Menkaure
  5063 | D:6      | Killed from afar by an orc priest

Illustrated notes

Levels and vault maps discovered:
D:1:      dpeg_arrival_rooms_b, layout_basic, minmay_fountain_box,
          minmay_domino_2
D:2:      layout_basic, shapermc_ecumenical_altar_venn
D:3:      layout_loops_ring, amcnicky_mini_pool_small
D:4:      layout_basic, serial_shops, shop, uniq_pikel
D:5:      layout_loops_corners, slow_altar_1, lemuel_round_altar,
          grunt_gozag_statues, guppyfry_early_orc_mine, uniq_sigmund,
          uniq_grinder
D:6:      layout_loops_ring, mainiacjoe_overflow_24_doors,
          minmay_temple_entry_ruins, uniq_menkaure, uniq_maggie

Skill      XL: |  1  2  3  4  5  6  7  8  9 |
---------------+----------------------------+-----
Dodging        | 1 2 3 |  3.0
Fighting       | 4 5 6 |  6.0
Maces & Flails | 4 7 |  7.5
Armour         | 5 6 |  6.2
Shields        | 5 6 |  6.2

Action                     |  1- 3 |  4- 6 |  7- 9 || total
---------------------------+-------+-------+-------++-------
  Melee: Flail             |    86 |   164 |   248 ||   498
    Use: Scroll            |     1 |     6 |     3 ||    10
 Armour: Scale mail        |    15 |       |       ||    15
         Chain mail        |    30 |   142 |    95 ||   267
  Dodge: Dodged            |    32 |   108 |   142 ||   282
  Block: Buckler           |    21 |    52 |    44 ||   117

Table legend: (Time is in decaauts)
 A = Elapsed time spent in this place.
 B = Non-inter-level travel time spent in this place.
 C = Inter-level travel time spent in this place.
 D = Time resting spent in this place.
 E = Time spent auto-exploring this place.
 F = Levels seen in this place.
 G = Mean time per level.
                   A        B        C        D        E       F      G
               +--------+--------+--------+--------+--------+-----+--------+
         Total |   5171 |   4942 |    229 |    524 |   3302 |   6 |  861.8 |
       Dungeon |   5171 |   4942 |    229 |    524 |   3302 |   6 |  861.8 |
               +--------+--------+--------+--------+--------+-----+--------+

Top non-repeatable levels by time:
     D:5: 1408 daAuts
     D:3: 1079 daAuts
     D:1: 883 daAuts
     D:4: 845 daAuts
     D:2: 776 daAuts
     D:6: 179 daAuts
